 Dungeon Crawl Stone Soup version 0.22-a0-348-gd16d1391c7 (webtiles) character file.

1948 Laan the Magician (level 9, 0/65 HPs)
             Began as a Gnoll Fire Elementalist on Apr 7, 2018.
             Was an Initiate of Cheibriados.
             Killed from afar by sonasty's ghost (27 damage)
             ... with a flame tongue
             ... on level 6 of the Dungeon.
             The game lasted 00:11:50 (6326 turns).

Laan the Magician (Gnoll Fire Elementalist)         Turns: 6326, Time: 00:11:51

Health: 0/65       AC:  4    Str: 12    XL:     9   Next: 18%
Magic:  8/18       EV: 16    Int: 22    God:    Cheibriados [......]
Gold:   272        SH:  0    Dex: 16    Spells: 7/20 levels left

rFire    . . .     SeeInvis +   m - +0 scythe (protect)
rCold    . . .     Gourm    .   (shield currently unavailable)
rNeg     . . .     Faith    .   a - +0 robe
rPois    +         Spirit   .   k - +1 helmet
rElec    .         Reflect  .   (no cloak)
rCorr    .         Harm     .   (no gloves)
MR       .....                  (no boots)
Stlth    +++.......             (no amulet)
HPRegen  0.20/turn              t - ring of poison resistance
MPRegen  0.16/turn              r - ring of see invisible

@: very slow
A: distributed training, fangs 1, strong nose
a: Bend Time, Renounce Religion


You were on level 6 of the Dungeon.
You worshipped Cheibriados.
Cheibriados was noncommittal.
You were not hungry.

You visited 2 branches of the dungeon, and saw 7 of its levels.

You collected 272 gold pieces.

Inventory:

Hand Weapons
 m - a +0 scythe of protection (weapon)
Armour
 a - a +0 robe (worn)
 k - a +1 helmet (worn)
Jewellery
 r - a ring of see invisible (right hand)
 t - a ring of poison resistance (left hand)
 y - an uncursed amulet of regeneration {unknown}
Wands
 p - a wand of flame (27)
 w - a wand of paralysis (20)
Scrolls
 d - a scroll of enchant armour
 e - 3 scrolls of amnesia {unknown}
 h - a scroll of teleportation {unknown}
 i - 7 scrolls of identify
 j - a scroll of enchant weapon {unknown}
 n - a scroll of blinking {unknown}
 o - a scroll of magic mapping {unknown}
 s - a scroll of noise {unknown}
 v - a scroll of immolation {unknown}
Potions
 b - 3 potions of might
 f - 3 potions of agility {unknown}
 g - a potion of mutation {unknown}
 l - a potion of curing {unknown}
 q - a potion of lignification {unknown}
 u - a potion of brilliance {unknown}
 z - a potion of heal wounds {unknown}
Comestibles
 c - 14 rations
 x - 4 chunks of flesh


   Skills:
 + Level 3.9 Fighting
 + Level 3.9 Short Blades
 + Level 3.9 Long Blades
 + Level 3.9 Axes
 + Level 3.9 Maces & Flails
 + Level 3.9 Polearms
 + Level 3.9 Staves
 + Level 3.9 Slings
 + Level 3.9 Bows
 + Level 3.9 Crossbows
 + Level 3.9 Throwing
 + Level 3.9 Armour
 + Level 6.1 Dodging
 + Level 5.8 Stealth
 + Level 3.9 Shields
 + Level 3.9 Unarmed Combat
 + Level 6.4 Spellcasting
 + Level 3.9 Conjurations
 + Level 3.2 Hexes
 + Level 3.2 Charms
 + Level 3.2 Summonings
 + Level 3.2 Necromancy
 + Level 3.2 Translocations
 + Level 3.2 Transmutations
 + Level 6.4 Fire Magic
 + Level 3.2 Ice Magic
 + Level 3.2 Air Magic
 + Level 3.2 Earth Magic
 + Level 3.2 Poison Magic
 + Level 4.3 Invocations
 + Level 3.9 Evocations


You had 7 spell levels left.
You knew the following spells:

 Your Spells              Type           Power        Failure   Level  Hunger
a - Flame Tongue          Conj/Fire      ####.        1%          1    None
b - Conjure Flame         Conj/Fire      ####....     3%          3    #......
c - Sticky Flame          Conj/Fire      ####....     11%         4    ###....
d - Fireball              Conj/Fire      ####......   28%         5    #####..


Dungeon Overview and Level Annotations

Branches:
Dungeon (6/15)             Temple (1/1) D:5

Altars:
Cheibriados
Dithmenos
Hepliaklqana
Nemelex Xobeh
Okawaru
Qazlal
Ru
Trog
Uskayaw
Wu Jian
The Shining One

Annotations:
D:6 sonasty's ghost, novice DEFE


Innate Abilities, Weirdness & Mutations

Your experience applies equally to all skills.
You have very sharp teeth.
Your uncanny sense of smell can sniff out nearby items.


Message History

Aim: sonasty's ghost (heavily damaged)
The flame tongue hits sonasty's ghost.
Sonasty's ghost is heavily damaged.
Casting: Flame Tongue (safe; 1% risk of failure)
Confirm with . or Enter, or press ? or * to list all spells.
Aiming: Flame Tongue (safe; 1% risk of failure)
Press: ? - help, Shift-Dir - straight line, f/p - sonasty's ghost
Aim: sonasty's ghost (heavily damaged)
The flame tongue hits sonasty's ghost.
Sonasty's ghost is severely damaged.
Casting: Flame Tongue (safe; 1% risk of failure)
Confirm with . or Enter, or press ? or * to list all spells.
Aiming: Flame Tongue (safe; 1% risk of failure)
Press: ? - help, Shift-Dir - straight line, f/p - sonasty's ghost
Aim: sonasty's ghost (severely damaged)
The flame tongue hits sonasty's ghost.
Sonasty's ghost is almost destroyed.
Sonasty's ghost gestures at you while chanting.
The flame tongue hits you!
You die...

##
###).............#
#.)............#
#..............#
#...>........###
#............#
#............#
♣............#
♣..#...########
♣..♣#@#.#
...♣##§#.# .....
#.W..# ....
##....# ...
#.....### .♣♣
#.........
#............
#..............
.................


You could see sonasty's ghost.

Vanquished Creatures
  The ghost of Kriby the Firebug, a novice GnWn of Hepliaklqana (D:5)
  The ghost of FollowTheCloud the Shield-Bearer, a novice GrFi (D:4)
  Sigmund (D:3)
  An orc warrior (D:6)
  A phantom (D:4)
  2 ogres
  A centaur (D:5)
  A bullfrog (D:6)
  A scorpion (D:6)
  2 crimson imps (D:5)
  A jelly (D:5)
  An orc priest (D:5)
  A bullfrog skeleton (D:4)
  3 orc wizards
  Jessica (D:3)
  Ijyb (D:3)
  5 worker ants
  A hound skeleton (D:4)
  11 gnolls
  5 adders
  An ooze (D:2)
  2 worms
  A dart slug (D:1)
  2 leopard geckos
  7 orcs
  3 giant cockroaches
  12 goblins
  7 hobgoblins
  4 jackals (D:1)
  8 kobolds
  2 quokkas
  A ball python (D:3)
  6 bats
  A frilled lizard (D:1)
  6 rats
105 creatures vanquished.

Notes
Turn   | Place    | Note
-------+----------+-------------------------------------------
     0 | D:1      | Laan the Gnoll Fire Elementalist began the quest for the Orb.
     0 | D:1      | Reached XP level 1. HP: 13/13 MP: 6/6
   253 | D:1      | Reached XP level 2. HP: 19/19 MP: 2/7
  1118 | D:1      | Reached XP level 3. HP: 25/25 MP: 7/9
  1130 | D:1      | Reached skill level 5 in Spellcasting
  1397 | D:2      | Learned a level 3 spell: Conjure Flame
  1416 | D:2      | Found an iron altar of Okawaru.
  1526 | D:2      | Reached skill level 1 in Invocations
  1890 | D:2      | Reached skill level 1 in Fighting
  1890 | D:2      | Reached skill level 1 in Short Blades
  1890 | D:2      | Reached skill level 1 in Long Blades
  1890 | D:2      | Reached skill level 1 in Axes
  1890 | D:2      | Reached skill level 1 in Maces & Flails
  1890 | D:2      | Reached skill level 1 in Polearms
  1890 | D:2      | Reached skill level 1 in Staves
  1890 | D:2      | Reached skill level 1 in Slings
  1890 | D:2      | Reached skill level 1 in Bows
  1890 | D:2      | Reached skill level 1 in Crossbows
  1890 | D:2      | Reached skill level 1 in Throwing
  1890 | D:2      | Reached skill level 1 in Armour
  1890 | D:2      | Reached skill level 1 in Shields
  1890 | D:2      | Reached skill level 1 in Unarmed Combat
  1890 | D:2      | Reached skill level 1 in Evocations
  1890 | D:2      | Reached XP level 4. HP: 32/32 MP: 7/11
  2020 | D:2      | Found a sparkling altar of Nemelex Xobeh.
  2289 | D:3      | Found a stormy altar of Qazlal.
  2339 | D:3      | Reached skill level 1 in Hexes
  2339 | D:3      | Reached skill level 1 in Charms
  2339 | D:3      | Reached skill level 1 in Summonings
  2339 | D:3      | Reached skill level 1 in Necromancy
  2339 | D:3      | Reached skill level 1 in Translocations
  2339 | D:3      | Reached skill level 1 in Transmutations
  2339 | D:3      | Reached skill level 1 in Ice Magic
  2339 | D:3      | Reached skill level 1 in Air Magic
  2339 | D:3      | Reached skill level 1 in Earth Magic
  2339 | D:3      | Reached skill level 1 in Poison Magic
  2567 | D:3      | Found a faded altar of an unknown god.
  2607 | D:3      | Found a shadowy altar of Dithmenos.
  2641 | D:3      | Reached XP level 5. HP: 37/37 MP: 9/12
  2867 | D:3      | Noticed Ijyb
  2877 | D:3      | Killed Ijyb
  2952 | D:3      | Learned a level 4 spell: Sticky Flame
  2958 | D:3      | Learned a level 5 spell: Fireball
  2994 | D:3      | Noticed Sigmund
  3004 | D:3      | Killed Sigmund
  3004 | D:3      | Reached XP level 6. HP: 44/44 MP: 8/14
  3058 | D:3      | Noticed Jessica
  3063 | D:3      | Killed Jessica
  3063 | D:3      | Reached skill level 5 in Dodging
  3687 | D:4      | Noticed a phantom
  3712 | D:4      | Reached XP level 7. HP: 16/50 MP: 8/15
  3742 | D:4      | Noticed FollowTheCloud's ghost (novice GrFi)
  4159 | D:4      | Killed FollowTheCloud's ghost
  4159 | D:4      | Reached skill level 5 in Stealth
  4497 | D:5      | Entered Level 5 of the Dungeon
  4499 | D:5      | Reached XP level 8. HP: 57/57 MP: 13/16
  4880 | D:5      | Found a hide-covered altar of Uskayaw.
  4880 | D:5      | Noticed a hand axe
  4880 | D:5      | Noticed a dagger
  5022 | D:5      | Noticed Kriby's ghost (novice GnWn)
  5037 | D:5      | Killed Kriby's ghost
  5330 | D:5      | Found a bloodstained altar of Trog.
  5467 | D:5      | Found a staircase to the Ecumenical Temple.
  5475 | Temple   | Entered the Ecumenical Temple
  5526 | Temple   | Became a worshipper of Cheibriados the Contemplative
  5713 | D:5      | Found an ornate altar of the Wu Jian Council.
  5713 | D:5      | Found a hazy altar of Hepliaklqana.
  5713 | D:5      | Found a sacrificial altar of Ru.
  5836 | D:6      | Reached XP level 9. HP: 65/65 MP: 8/18
  6307 | D:6      | Noticed sonasty's ghost (novice DEFE)
  6326 | D:6      | Killed from afar by sonasty's ghost

Vault maps used:
D:1:      dpeg_arrival_circle_labyrinth_c
D:2:      okawaru_trees_1, first_ration, nemelex_dance_club_becter
D:3:      nicolae_dithmenos_shadow_blocks, lemuel_round_altar,
          chequers_ecumenical_altar_grove, uniq_jessica, uniq_sigmund, uniq_ijyb
D:5:      dancing_weapons_uskayaw, gammafunk_temple_overflow_claw,
          minmay_temple_entry_junction, bloody_trog
D:6:      kennysheep_ying_yang, marbit_many_paths,
          nemelex_xobeh_ov_fountains_minmay, basic_altar
Temple:   minmay_temple_curvy_loop

Skill      XL: |  1  2  3  4  5  6  7  8  9 |
---------------+----------------------------+-----
Conjurations   | 2 3 |  3.9
Spellcasting   | 5 6 |  6.4
Invocations    | 1 2 3 4 |  4.3
Fighting       | 1 2 3 |  3.9
Short Blades   | 1 2 3 |  3.9
Long Blades    | 1 2 3 |  3.9
Axes           | 1 2 3 |  3.9
Maces & Flails | 1 2 3 |  3.9
Polearms       | 1 2 3 |  3.9
Staves         | 1 2 3 |  3.9
Slings         | 1 2 3 |  3.9
Bows           | 1 2 3 |  3.9
Crossbows      | 1 2 3 |  3.9
Throwing       | 1 2 3 |  3.9
Armour         | 1 2 3 |  3.9
Shields        | 1 2 3 |  3.9
Unarmed Combat | 1 2 3 |  3.9
Evocations     | 1 2 3 |  3.9
Hexes          | 1 2 3 |  3.2
Charms         | 1 2 3 |  3.2
Summonings     | 1 2 3 |  3.2
Necromancy     | 1 2 3 |  3.2
Translocations | 1 2 3 |  3.2
Transmutations | 1 2 3 |  3.2
Ice Magic      | 1 2 3 |  3.2
Air Magic      | 1 2 3 |  3.2
Earth Magic    | 1 2 3 |  3.2
Poison Magic   | 1 2 3 |  3.2
Dodging        | 5 6 |  6.1
Stealth        | 5 |  5.8
Fire Magic     | 6 |  6.4

Action                   |  1- 3 |  4- 6 |  7- 9 || total
-------------------------+-------+-------+-------++-------
Melee: Unarmed           |     2 |       |       ||     2
       Scythe            |       |     3 |    39 ||    42
       Bite              |       |     1 |     5 ||     6
 Cast: Flame Tongue      |    65 |    83 |   124 ||   272
       Sticky Flame      |       |     1 |     2 ||     3
       Conjure Flame     |       |       |     5 ||     5
  Use: Scroll            |     3 |     1 |       ||     4
  Eat: Chunk             |     3 |     5 |     9 ||    17
Armor: Robe              |     8 |     1 |    17 ||    26
Dodge: Dodged            |    38 |    25 |    79 ||   142

Table legend:
 A = Spawn XP
 B = Non-spawn XP
 C = Spawn XP percentage of total XP
 D = Spawn monster count
 E = Non-spawn monster count
 F = Spawn count percentage of total count
 G = Total turns spent on level
                    A         B        C        D         E        F      G
               +---------+---------+-------+---------+---------+-------+---------
         Total |       0 |    2784 |   0.0 |       0 |     105 |   0.0 |  6326
               +---------+---------+-------+---------+---------+-------+---------
           D:1 |       0 |      40 |   0.0 |       0 |      20 |   0.0 |  1391
           D:2 |       0 |      77 |   0.0 |       0 |      15 |   0.0 |   735
           D:3 |       0 |     351 |   0.0 |       0 |      29 |   0.0 |  1404
           D:4 |       0 |     804 |   0.0 |       0 |      12 |   0.0 |  1194
           D:5 |       0 |     990 |   0.0 |       0 |      18 |   0.0 |   988
           D:6 |       0 |     522 |   0.0 |       0 |      11 |   0.0 |   517
               +---------+---------+-------+---------+---------+-------+---------
